 Dungeon Crawl Stone Soup version 0.26-a0-8-gc4d20be10f (webtiles) character file.

Game seed: 17241330688621993299, levelgen mode: deterministic

137 vurker the Cudgeler (level 5, -12/53 HPs)
             Began as a Troll Chaos Knight on May 24, 2020.
             Was a Plaything of Xom.
             Killed by drain life
             ... invoked by a soul eater
             ... summoned by Xom
              (13 damage)
             ... on level 3 of the Dungeon.
             The game lasted 00:05:06 (2572 turns).

vurker the Cudgeler (Troll Chaos Knight)            Turns: 2572, Time: 00:05:07

Health: -12/53     AC:  8    Str: 21    XL:     5   Next: 0%
Magic:  4/4        EV: 10    Int:  8    God:    Xom [......]
Gold:   172        SH:  0    Dex: 13    Spells: 4/4 levels left

rFire    . . .     SeeInvis .   (no weapon)
rCold    . . .     Gourm    +   (no shield)
rNeg     . . .     Faith    .   b - +2 robe
rPois    .         Spirit   .   (helmet restricted)
rElec    .         Reflect  .   (no cloak)
rCorr    .         Harm     .   (gloves unavailable)
MR       .....                  (boots unavailable)
Stlth    +.........             (no amulet)
HPRegen  0.57/turn              j - +6 ring of dexterity
MPRegen  0.09/turn              (no ring)

@: lethally poisoned (-12 -> -14), lightly drained
A: large, unfitting armour, claws 3, clumsy 1, fast metabolism 3, gourmand,
regeneration 1, screaming 1, shaggy fur 1, tough skin 3
a: Renounce Religion


You were on level 3 of the Dungeon.
You worshipped Xom.
You were a very special plaything of Xom.
You were completely stuffed.

You visited 1 branch of the dungeon, and saw 3 of its levels.

You collected 172 gold pieces.

Inventory:

Hand Weapons
 a - a +0 mace of chaos
Armour
 b - a +2 robe (worn)
Jewellery
 j - a +6 ring of dexterity (left claw)
   (You found it on level 2 of the Dungeon)
Scrolls
 f - 4 scrolls of remove curse {unknown}
 g - 2 scrolls of blinking {unknown}
 i - 4 scrolls of identify {unknown}
 k - a scroll of enchant weapon {unknown}
 l - a scroll of random uselessness {unknown}
 m - a scroll of noise {unknown}
 o - a scroll of amnesia {unknown}
Potions
 c - 2 potions of curing {unknown}
 d - 3 potions of heal wounds
 n - a potion of mutation {unknown}
Comestibles
 e - 7 rations
 h - a chunk of flesh


   Skills:
 + Level 3.3(3.1) Fighting
 * Level 4.5(4.2) Maces & Flails
 - Level 1.9(1.6) Dodging


You had 4 spell levels left.
You didn't know any spells.
Your spell library contained the following spells:

 Spells                   Type           Power        Failure   Level  Hunger
 Magic Dart               Conj           #...         41%         1    ##.....
 Blink                    Tloc           N/A          54%         2    ###....
 Call Imp                 Summ           #.......     54%         2    ###....
 Slow                     Hex            #.......     54%         2    ###....
 Conjure Flame            Conj/Fire      #.......     78%         3    ####...
 Mephitic Cloud           Conj/Pois/Air  #.......     78%         3    ####...


Dungeon Overview and Level Annotations

Branches:
Dungeon (3/15)

Altars:
Kikubaaqudgha
Xom
Yredelemnul

Annotations:
D:2 2 transporters, Menkaure
D:3 2 runed translucent doors, Thantalas's ghost, amateur MfIE


Innate Abilities, Weirdness & Mutations

You are too large for most types of armour.
You have claws for hands.
Your metabolism is lightning-fast.
You like to eat raw meat.
Your natural rate of healing is unusually fast.
You are covered in fur. (AC +1)
You have extremely tough skin. (AC +3)
You are clumsy. (Dex -2)
You occasionally shout uncontrollably at your foes.


Message History

You completely miss the soul eater.
You feel sick. The adder bites you.
You are more poisoned.
The adder poisons you! The iron imp hits you.
* * * LOW HITPOINT WARNING * * *
The soul eater hits you but does no damage.
The adder bites you.
* * * LOW HITPOINT WARNING * * *
You are more poisoned.
The adder poisons you! The shadow imp closely misses you.
Unknown command.
Unknown command.
Unknown command.
Unknown command.
Unknown command.
You feel sick. The adder bites you.
* * * LOW HITPOINT WARNING * * *
You are more poisoned.
The adder poisons you!
You barely miss the soul eater.
You feel sick. The adder bites you but does no damage.
The soul eater closely misses you.
You scratch the soul eater but do no damage.
You feel sick. The adder completely misses you.
The soul eater closely misses you.
You barely miss the soul eater.
You feel sick. The adder bites you.
* * * LOW HITPOINT WARNING * * *
You are more poisoned.
The adder poisons you! The iron imp barely misses you.
The adder bites you but does no damage. The soul eater hits you.
* * * LOW HITPOINT WARNING * * *
Unknown command.
Unknown command.
It was a potion of heal wounds.
You feel much better.
Xom thinks this is hilarious!
You feel sick. The adder closely misses you. The iron imp closely misses you.
The soul eater hits you!
* * * LOW HITPOINT WARNING * * *
You completely miss the soul eater.
You feel sick. The adder bites you but does no damage.
The iron imp barely misses you. The soul eater barely misses you.
You closely miss the soul eater.
You feel sick. The adder bites you but does no damage.
The adder completely misses you. The soul eater hits you!
* * * LOW HITPOINT WARNING * * *
The iron imp closely misses you.
You miss the adder.
* * * LOW HITPOINT WARNING * * *
You feel sick. The adder barely misses you.
The soul eater draws from the surrounding life force!
You die...
Xom snickers!

##.# #.# #.## #.#
#####..# #.#
#......###.#
#.......##.# ######
#.......##.# #(...#
#.......##)# #....#
#######.##.# #..?.#
.....##.##.# #@S>.#
.....##..#.# ###35<.#
....)###.#.# #..5...#
...#####...###......#
...#.........#......#
...#..)...>..'......#
...#...รท.....#...##.#
...#.........##...#.#
...#.........##.#.#.#


You could see a soul eater (summoned), an iron imp (summoned), an adder and a
shadow imp (summoned).

Vanquished Creatures
  5 adders
  An ooze (D:1)
  8 worms (D:2)
  2 leopard geckos
  5 giant cockroaches
  9 hobgoblins
  7 kobolds
  3 quokkas
  10 bats
  2 frilled lizards
  3 goblins
  9 rats
64 creatures vanquished.

Notes
Turn   | Place    | Note
-------+----------+-------------------------------------------
     0 | D:1      | vurker the Troll Chaos Knight began the quest for the Orb.
     0 | D:1      | Reached XP level 1. HP: 22/22 MP: 0/0
    39 | D:1      | XOM: silly message
    71 | D:1      | Reached skill level 3 in Maces & Flails
   176 | D:1      | Reached XP level 2. HP: 29/29 MP: 1/1
   271 | D:1      | XOM: silly message
   354 | D:1      | XOM: silly message
   832 | D:2      | Reached XP level 3. HP: 36/36 MP: 2/2
  1098 | D:2      | Found a transporter.
  1099 | D:2      | Found an ancient bone altar of Kikubaaqudgha.
  1117 | D:2      | Found a transporter.
  1135 | D:2      | Found a basalt altar of Yredelemnul.
  1220 | D:2      | Reached skill level 4 in Maces & Flails
  1220 | D:2      | Reached XP level 4. HP: 45/45 MP: 3/3
  1260 | D:2      | XOM: 2-stop teleportation journey
  1301 | D:2      | XOM: god gift: 18 stones
  1333 | D:2      | Noticed Menkaure
  1465 | D:2      | XOM: scenery: create altars
  1476 | D:2      | XOM: 1-stop teleportation journey
  1662 | D:2      | XOM: summons 3 hostile shadow creatures
  1793 | D:2      | XOM: give mutations
  1793 | D:2      | Gained mutation: Your mind is acute. (Int +2) [Xom's
                  | mischief]
  1793 | D:2      | Lost mutation: Your mind is acute. (Int +2) [Xom's
                  | mischief]
  1793 | D:2      | Gained mutation: You are clumsy. (Dex -2) [Xom's mischief]
  1793 | D:2      | Gained mutation: You occasionally shout uncontrollably at
                  | your foes. [Xom's mischief]
  1875 | D:2      | XOM is BORED!
  1875 | D:2      | XOM: noise
  2350 | D:3      | Found a large runed translucent door.
  2351 | D:3      | Found a large runed translucent door.
  2425 | D:3      | XOM: 3-stop teleportation journey
  2458 | D:3      | Noticed Thantalas's ghost (amateur MfIE)
  2521 | D:3      | Reached XP level 5. HP: 53/53 MP: 4/4
  2527 | D:3      | XOM is BORED!
  2560 | D:3      | XOM: summons 3 hostile demons
  2561 | D:3      | Noticed a soul eater
  2572 | D:3      | HP: 1/53 [poisoned by an adder]
  2572 | D:3      | Killed from afar by a soul eater

Illustrated notes

Levels and vault maps discovered:
D:1:      saegor_arrival_under_anarchy, layout_loops_corners,
          due_unseen_surprise
D:2:      minmay_thinvault, layout_loops_ring, gammafunk_temple_of_torment,
          lemuel_flame_loot_1
D:3:      layout_basic, first_ration, ebering_ghost_disaster_area,
          hangedman_decor_push

Skill      XL: |  1  2  3 |
---------------+----------+-----
Maces & Flails | 3 4 |  4.5
Fighting       | 3 |  3.3
Dodging        | |  1.9

Action                   |  1- 3 |  4- 6 || total
-------------------------+-------+-------++-------
Melee: Unarmed           |   116 |   116 ||   232
       Mace              |     1 |       ||     1
  Use: Potion            |       |     1 ||     1
 Stab: Sleeping          |       |     3 ||     3
  Eat: Chunk             |    17 |    12 ||    29
Armor: Robe              |    49 |    49 ||    98
Dodge: Dodged            |    47 |    60 ||   107

Table legend:
 A = Non-vault XP
 B = Vault XP
 C = Vault XP percentage of total XP
 D = Non-vault monster count
 E = Vault monster count
 F = Vault count percentage of total count
                 A         B        C        D         E       F
            +---------+---------+-------+---------+---------+-------
      Total |     119 |      77 |  39.3 |      45 |      19 |  29.7
            +---------+---------+-------+---------+---------+-------
        D:1 |      39 |       0 |   0.0 |      22 |       0 |   0.0
        D:2 |      50 |      77 |  60.6 |      14 |      19 |  57.6
        D:3 |      30 |       0 |   0.0 |       9 |       0 |   0.0
            +---------+---------+-------+---------+---------+-------
